 Dungeon Crawl Stone Soup version 0.25-a0-341-g6f074c887a (webtiles) character file.

Game seed: 3557054931594832541, levelgen mode: deterministic

928 vurker the Magician (level 8, -4/63 HPs)
             Began as a Gnoll Wanderer on Dec 30, 2019.
             Was an Initiate of Cheibriados.
             Slain by Prince Ribbit (10 damage)
             ... on level 5 of the Dungeon.
             The game lasted 00:09:58 (3610 turns).

vurker the Magician (Gnoll Wanderer)                Turns: 3610, Time: 00:09:59

Health: -4/63      AC:  7    Str: 18    XL:     8   Next: 11%
Magic:  16/16      EV: 11    Int: 17    God:    Cheibriados [......]
Gold:   232        SH:  0    Dex: 14    Spells: 18/18 levels left

rFire    . . .     SeeInvis .   x - +4 dagger (elec)
rCold    . . .     Gourm    .   (no shield)
rNeg     . . .     Faith    .   r - +0 scale mail
rPois    +         Spirit   .   g - +2 hat
rElec    .         Reflect  .   (no cloak)
rCorr    .         Harm     .   l - +0 pair of gloves
MR       .....                  (no boots)
Stlth    +.........             m - amulet of regeneration
HPRegen  0.60/turn              q - -2 ring of protection (curse)
MPRegen  0.15/turn              b - ring of poison resistance

@: very slow
A: distributed training, fangs 1, strong nose
a: Bend Time, Renounce Religion


You were on level 5 of the Dungeon.
You worshipped Cheibriados.
Cheibriados was noncommittal.
You were not hungry.

You visited 2 branches of the dungeon, and saw 6 of its levels.

You collected 232 gold pieces.

Inventory:

Hand Weapons
 d - a +0 long sword of holy wrath
   (You found it on level 5 of the Dungeon)
 x - a +4 dagger of electrocution (weapon)
   (You took it off a goblin on level 3 of the Dungeon)
Armour
 g - a +2 hat (worn)
   (You found it on level 1 of the Dungeon)
 l - a +0 pair of gloves (worn)
   (You found it on level 3 of the Dungeon)
 r - a +0 scale mail (worn)
   (You found it on level 2 of the Dungeon)
Jewellery
 b - a ring of poison resistance (right hand)
   (You found it on level 3 of the Dungeon)
 j - an uncursed ring of positive energy
   (You found it on level 2 of the Dungeon)
 m - an amulet of regeneration (around neck)
   (You found it on level 2 of the Dungeon)
 q - a cursed -2 ring of protection (left hand)
   (You found it on level 3 of the Dungeon)
Wands
 t - a wand of flame (41)
   (You found it on level 3 of the Dungeon)
 v - a wand of digging (7)
   (You took it off Jessica on level 3 of the Dungeon)
Scrolls
 a - a scroll of enchant weapon
 c - 2 scrolls of teleportation
 f - a scroll of fear
 i - a scroll of enchant armour
 n - a scroll of remove curse
Potions
 h - a potion of cancellation
 k - a potion of flight
 p - 2 potions of curing
Comestibles
 e - 9 rations


   Skills:
 + Level 5.4 Fighting
 + Level 2.9 Short Blades
 + Level 2.9 Long Blades
 + Level 2.9 Axes
 + Level 2.9 Maces & Flails
 + Level 3.9 Polearms
 + Level 2.9 Staves
 + Level 2.9 Slings
 + Level 2.9 Bows
 + Level 2.9 Crossbows
 + Level 2.9 Throwing
 + Level 2.9 Armour
 + Level 2.9 Dodging
 + Level 2.9 Stealth
 + Level 2.9 Shields
 + Level 2.9 Unarmed Combat
 + Level 5.8 Spellcasting
 + Level 3.2 Conjurations
 + Level 2.3 Hexes
 + Level 2.3 Charms
 + Level 2.3 Summonings
 + Level 2.3 Necromancy
 + Level 4.5 Translocations
 + Level 2.3 Transmutations
 + Level 2.3 Fire Magic
 + Level 2.3 Ice Magic
 + Level 2.3 Air Magic
 + Level 2.3 Earth Magic
 + Level 2.3 Poison Magic
 + Level 3.2 Invocations
 + Level 5.4 Evocations


You had 18 spell levels left.
You didn't know any spells.
Your spell library contained the following spells:

 Spells                   Type           Power        Failure   Level  Hunger
 Corpse Rot               Necr/Air       N/A          24%         2    #......
 Sublimation of Blood     Necr           ##........   24%         2    #......


Dungeon Overview and Level Annotations

Branches:
Dungeon (5/15)             Temple (1/1) D:5

Altars:
Cheibriados
Dithmenos
Makhleb
Vehumet
Xom

Annotations:
D:5 Prince Ribbit


Innate Abilities, Weirdness & Mutations

Your experience applies equally to all skills.
You have very sharp teeth.
Your uncanny sense of smell can sniff out nearby items.


Message History

Cheibriados thoroughly appreciates the change of pace.
No target in view!
All of the chunks of flesh in your inventory have rotted away.
You now have 220 gold pieces (gained 17).
You see here a scorpion corpse.
You see here a runed long sword.
d - a runed long sword Your +4 dagger of electrocution stops crackling.
Your +0 long sword of holy wrath softly glows with a divine radiance!
d - a +0 long sword of holy wrath (weapon)
Your +0 long sword of holy wrath stops glowing.
You hear the crackle of electricity.
x - a +4 dagger of electrocution (weapon)
You now have 232 gold pieces (gained 12).
As you open the door, it creaks loudly!
There is an open door here.
You open the door.
There is an open door here.
As you open the door, it creaks loudly!
You hear a croak.
You hear a bark!
Prince Ribbit blinks!
There is an open door here.
Prince Ribbit is too close now for your liking.
Prince Ribbit is nearby!
There is an open door here.
Prince Ribbit hits you.
You miss Prince Ribbit. You bite Prince Ribbit. Prince Ribbit hits you.
You miss Prince Ribbit. Prince Ribbit hits you!
Unknown command.
You barely miss Prince Ribbit. Prince Ribbit closely misses you.
You barely miss Prince Ribbit. You bite Prince Ribbit. Prince Ribbit hits you!
Prince Ribbit misses you.
You barely miss Prince Ribbit. Prince Ribbit hits you!
* * * LOW HITPOINT WARNING * * *
Unknown command.
Okay, then.
You miss Prince Ribbit. Prince Ribbit hits you!
* * * LOW HITPOINT WARNING * * *
Unknown command.
You closely miss Prince Ribbit. Prince Ribbit barely misses you.
You hit Prince Ribbit. Prince Ribbit hits you!
* * * LOW HITPOINT WARNING * * *
Unknown command.
You closely miss Prince Ribbit. Prince Ribbit hits you!
You die...

≈≈≈♣..# ....##. ≈≈≈..#
....... ≈ #≈≈..# .#
....... ≈≈# ≈≈..#..##
....... ≈≈≈≈ ≈..#..#
.#####. ♣≈≈≈≈♣..#..#
...##. ........##.# #.#
.......
.......F#..###.###.......
########@................
#....##.#......##.
#+####..###...##...##.
.........#.....#...#..
.........#.....#...#..
.........'....##...##.
........#####'##...##.
........##....##....#.
#...##..............#.


You could see Prince Ribbit.

Vanquished Creatures
  Edmund (D:4)
  A phantom (D:4)
  A necrophage (D:4)
  A centaur (D:5)
  3 scorpions
  A bullfrog skeleton (D:5)
  A hound (D:4)
  An orc priest (D:5)
  2 orc wizards
  Jessica (D:3)
  A centaur skeleton (D:4)
  An iguana (D:5)
  A howler monkey skeleton (D:4)
  7 adders
  2 oozes
  An adder skeleton (D:4)
  A worm (D:2)
  5 dart slugs
  3 leopard geckos
  13 orcs
  A ball python (D:3)
  8 bats
  4 giant cockroaches
  7 goblins
  8 hobgoblins
  2 jackals (D:1)
  A quokka (D:3)
  6 frilled lizards
  9 kobolds
  A quokka skeleton (D:5)
  9 rats
104 creatures vanquished.

Notes
Turn   | Place    | Note
-------+----------+-------------------------------------------
     0 | D:1      | vurker the Gnoll Wanderer began the quest for the Orb.
     0 | D:1      | vurker set off with the following items: a +2 spear, a
                  | scroll of teleportation, a +0 robe, a ration; and the
                  | following spells available to memorise: Corpse Rot,
                  | Sublimation of Blood
     0 | D:1      | Reached XP level 1. HP: 20/20 MP: 6/6
   123 | D:1      | Reached XP level 2. HP: 26/26 MP: 7/7
   387 | D:1      | Reached XP level 3. HP: 27/31 MP: 9/9
   583 | D:1      | Reached skill level 5 in Spellcasting
   962 | D:2      | Reached skill level 1 in Invocations
  1139 | D:2      | Reached skill level 1 in Short Blades
  1139 | D:2      | Reached skill level 1 in Long Blades
  1139 | D:2      | Reached skill level 1 in Axes
  1139 | D:2      | Reached skill level 1 in Maces & Flails
  1139 | D:2      | Reached skill level 1 in Staves
  1139 | D:2      | Reached skill level 1 in Slings
  1139 | D:2      | Reached skill level 1 in Bows
  1139 | D:2      | Reached skill level 1 in Crossbows
  1139 | D:2      | Reached skill level 1 in Throwing
  1139 | D:2      | Reached skill level 1 in Armour
  1139 | D:2      | Reached skill level 1 in Dodging
  1139 | D:2      | Reached skill level 1 in Stealth
  1139 | D:2      | Reached skill level 1 in Shields
  1139 | D:2      | Reached skill level 1 in Unarmed Combat
  1166 | D:2      | Reached XP level 4. HP: 38/38 MP: 11/11
  1619 | D:3      | Found a burning altar of Makhleb.
  1626 | D:3      | Reached skill level 1 in Hexes
  1626 | D:3      | Reached skill level 1 in Charms
  1626 | D:3      | Reached skill level 1 in Summonings
  1626 | D:3      | Reached skill level 1 in Necromancy
  1626 | D:3      | Reached skill level 1 in Transmutations
  1626 | D:3      | Reached skill level 1 in Fire Magic
  1626 | D:3      | Reached skill level 1 in Ice Magic
  1626 | D:3      | Reached skill level 1 in Air Magic
  1626 | D:3      | Reached skill level 1 in Earth Magic
  1626 | D:3      | Reached skill level 1 in Poison Magic
  1797 | D:3      | Reached XP level 5. HP: 43/43 MP: 12/12
  1905 | D:3      | Noticed Jessica
  1915 | D:3      | Killed Jessica
  2430 | D:4      | Reached XP level 6. HP: 46/50 MP: 13/13
  2470 | D:4      | Found a shadowy altar of Dithmenos.
  2623 | D:4      | Noticed a phantom
  2654 | D:4      | Reached skill level 5 in Fighting
  2654 | D:4      | Reached skill level 5 in Evocations
  2666 | D:4      | Killed a phantom
  2831 | D:4      | Noticed Edmund
  2840 | D:4      | Noticed a necrophage
  2862 | D:4      | Killed Edmund
  2862 | D:4      | Reached XP level 7. HP: 25/54 MP: 15/15
  3242 | D:5      | Entered Level 5 of the Dungeon
  3331 | D:5      | Noticed Prince Ribbit
  3395 | D:5      | Found a staircase to the Ecumenical Temple.
  3418 | D:5      | Reached XP level 8. HP: 56/63 MP: 16/16
  3458 | Temple   | Entered the Ecumenical Temple
  3495 | Temple   | Became a worshipper of Cheibriados the Contemplative
  3610 | D:5      | Slain by Prince Ribbit

Levels and vault maps discovered:
D:1:      psy_arrival_whirlpool, layout_basic
D:2:      layout_rooms
D:3:      layout_loops_ring, old_standard_altar, uniq_jessica
D:4:      layout_basic, first_ration, grunt_decor_clamped,
          nicolae_dithmenos_shadow_blocks, uniq_edmund
D:5:      layout_gridville, lemuel_doored_altar, temple_pool_b,
          kennysheep_pointless_box, uniq_duvessa, uniq_prince_ribbit1
Temple:   dpeg_chambers_temple

Skill      XL: |  1  2  3  4  5  6  7 |
---------------+----------------------+-----
Conjurations   | 2 3 |  3.2
Spellcasting   | 5 |  5.8
Invocations    | 1 2 3 |  3.2
Short Blades   | 1 2 |  2.9
Long Blades    | 1 2 |  2.9
Axes           | 1 2 |  2.9
Maces & Flails | 1 2 |  2.9
Staves         | 1 2 |  2.9
Slings         | 1 2 |  2.9
Bows           | 1 2 |  2.9
Crossbows      | 1 2 |  2.9
Throwing       | 1 2 |  2.9
Armour         | 1 2 |  2.9
Dodging        | 1 2 |  2.9
Stealth        | 1 2 |  2.9
Shields        | 1 2 |  2.9
Unarmed Combat | 1 2 |  2.9
Hexes          | 1 2 |  2.3
Charms         | 1 2 |  2.3
Summonings     | 1 2 |  2.3
Necromancy     | 1 2 |  2.3
Transmutations | 1 2 |  2.3
Fire Magic     | 1 2 |  2.3
Ice Magic      | 1 2 |  2.3
Air Magic      | 1 2 |  2.3
Earth Magic    | 1 2 |  2.3
Poison Magic   | 1 2 |  2.3
Polearms       | 3 |  3.9
Translocations | 4 |  4.5
Fighting       | 5 |  5.4
Evocations     | 5 |  5.4

Action                   |  1- 3 |  4- 6 |  7- 9 || total
-------------------------+-------+-------+-------++-------
Melee: Spear             |   127 |    29 |       ||   156
       Bite              |     5 |    22 |    14 ||    41
       Short sword       |       |   175 |    34 ||   209
       Punch             |       |     2 |     1 ||     3
       Dagger            |       |       |    47 ||    47
  Use: Scroll            |       |    10 |     2 ||    12
       Potion            |       |       |     2 ||     2
 Stab: Sleeping          |     2 |       |       ||     2
  Eat: Chunk             |     1 |     5 |     3 ||     9
Armor: Robe              |    18 |     4 |       ||    22
       Scale mail        |       |    54 |    15 ||    69
Dodge: Dodged            |    54 |    55 |    32 ||   141

Table legend:
 A = Non-vault XP
 B = Vault XP
 C = Vault XP percentage of total XP
 D = Non-vault monster count
 E = Vault monster count
 F = Vault count percentage of total count
                 A         B        C        D         E       F
            +---------+---------+-------+---------+---------+-------
      Total |    1123 |     203 |  15.3 |     102 |       2 |   1.9
            +---------+---------+-------+---------+---------+-------
        D:1 |      48 |       0 |   0.0 |      26 |       0 |   0.0
        D:2 |      66 |       0 |   0.0 |      27 |       0 |   0.0
        D:3 |     130 |      37 |  22.2 |      21 |       1 |   4.5
        D:4 |     481 |     166 |  25.7 |      17 |       1 |   5.6
        D:5 |     398 |       0 |   0.0 |      11 |       0 |   0.0
            +---------+---------+-------+---------+---------+-------
